 Dungeon Crawl Stone Soup version 0.28-a0-1142-gc8569940dd (webtiles) character file.

Game seed: 2221804208852016591

121 LadyOphelia the Chopper (level 4, -3/60 HPs)
             Began as a Draconian Berserker on Dec 13, 2021.
             Was a Believer of Trog.
             Slain by Grinder (8 damage)
             ... on level 3 of the Dungeon.
             The game lasted 00:04:00 (2522 turns).

LadyOphelia the Chopper (Draconian Berserker)       Turns: 2522, Time: 00:04:00

Health: -3/60      AC:  5    Str: 21    XL:     4   Next: 76%
Magic:  4/4        EV: 12    Int:  8    God:    Trog [**....]
Gold:   70         SH:  0    Dex: 10    Spells: 3/3 levels left

rFire   . . .      SeeInvis .   a - +0 hand axe
rCold   . . .      Faith    .   (no shield)
rNeg    . . .      Spirit   .   (armour unavailable)
rPois   .          Reflect  .   (helmet restricted)
rElec   .          Harm     .   (no cloak)
rCorr   .          Rampage  .   (no gloves)
Will    .....                   (no boots)
Stlth   ..........              (no amulet)
HPRegen 0.20/turn               (no ring)
MPRegen 0.09/turn               (no ring)

@: berserking, very quick
A: AC +5, unfitting armour, cold-blooded
a: Renounce Religion, Berserk, Trog's Hand


You were on level 3 of the Dungeon.
You worshipped Trog.
Trog was pleased with you.
You visited 1 branch of the dungeon, and saw 3 of its levels.

You collected 70 gold pieces.

Inventory:

Hand Weapons
 a - a +0 hand axe (weapon)
Missiles
 e - 2 throwing nets (quivered)
Scrolls
 c - a scroll of teleportation {unknown}
 d - a scroll of noise {unknown}
 j - a scroll of enchant weapon {unknown}
Potions
 b - a potion of resistance {unknown}
 f - a potion of flight {unknown}
 g - 2 potions of heal wounds {unknown}
 h - a potion of mutation {unknown}
 i - a potion of degeneration {unknown}


   Skills:
 + Level 4.0 Fighting
 + Level 4.4 Axes
 + Level 3.5 Dodging
 - Level 0.2 Stealth


You had 3 spell levels left.
You didn't know any spells.
Your spell library was empty.

Dungeon Overview and Level Annotations

Branches:
Dungeon (3/15)

Altars:

Annotations:
D:3 Grinder


Innate Abilities, Weirdness & Mutations

Your plain brown scales are hard. (AC +5)
You cannot fit into any form of body armour.
You are cold-blooded and may be slowed by cold attacks.


Message History

Pain shoots through your body!
Grinder blinks!
You see here a scroll labelled MOTIAN JUEBRE.
Grinder gestures at you.
You barely resist. You closely miss Grinder. Grinder hits you!
You writhe in agony.
You hit Grinder but do no damage.
Your tail-slap misses Grinder.
Grinder barely misses you.
You hit Grinder but do no damage. Grinder barely misses you.
The ball python barely misses you. The ball python closely misses you.
You closely miss Grinder. You barely miss the ball python.
The ball python closely misses you. The ball python grabs you.
The ball python constricts you. Grinder hits you!
You writhe in agony.
You closely miss Grinder. You closely miss the ball python.
The ball python barely misses you. The ball python constricts you.
Grinder gestures at you. Pain shoots through your body!
* * * LOW HITPOINT WARNING * * *
A red film seems to cover your vision as you go berserk!
You feel yourself moving faster!
You feel mighty! The ball python closely misses you.
The ball python constricts you. Grinder hits you but does no damage.
You barely miss Grinder. You hit the ball python.
You kill the ball python!
Trog accepts your kill. Grinder hits you.
* * * LOW HITPOINT WARNING * * *
You slash Grinder!
Grinder is moderately wounded.
You hit Grinder.
Grinder is heavily wounded.
Grinder hits you.
* * * LOW HITPOINT WARNING * * *
You writhe in agony.
* * * LOW HITPOINT WARNING * * *
You slash Grinder!
Grinder is severely wounded.
Grinder says, "Wait up."
Grinder hits you!
You die...

#...#
##..#..##.#.#
#.... ##..†..##
...# #.#..#
#..#..## ##...
#.....###.##..#
#.#..
#....#.##..#
... . #
#....##.## ...
#.#?...##.#
....
#......##.#
....
##..@..##.#
....
##.5......#
.... #.........
.... #.......##
.... ##..#.....
... #....####
#....# #....


You could see Grinder.

Vanquished Creatures
  Jessica (D:2)
  4 adders
  A dart slug (D:2)
  5 orcs (D:2)
  7 bats
  An endoplasm (D:2)
  3 giant cockroaches (D:2)
  3 goblins
  3 hobgoblins (D:2)
  6 jackals (D:2)
  3 quokkas (D:2)
  7 ball pythons
  6 frilled lizards
50 creatures vanquished.

Notes
Turn   | Place    | Note
-------+----------+-------------------------------------------
     0 | D:1      | LadyOphelia the Draconian Berserker began the quest for the
                  | Orb.
     0 | D:1      | Reached XP level 1. HP: 19/19 MP: 1/1
   328 | D:1      | Found a faded altar of an unknown god.
   860 | D:2      | Reached XP level 2. HP: 25/26 MP: 2/2
  1326 | D:2      | Reached XP level 3. HP: 16/33 MP: 3/3
  1656 | D:2      | Reached ** piety under Trog
  2064 | D:2      | Reached XP level 4. HP: 27/40 MP: 4/4
  2079 | D:2      | Noticed Jessica
  2090 | D:2      | Killed Jessica
  2503 | D:3      | Noticed Grinder
  2505 | D:3      | Paralysed by Grinder for 2 turns
  2522 | D:3      | Slain by Grinder

Illustrated notes

Levels and vault maps discovered:
D:1:      amcnicky_arrival_choice, layout_basic,
          hellmonk_ecumenical_altar_heavens_door
D:2:      layout_basic, uniq_jessica
D:3:      layout_rooms, uniq_grinder

Skill      XL: |  1  2  3  4 |
---------------+-------------+-----
Dodging        | 3 |  3.5
Axes           | 4 |  4.4
Fighting       | 4 |  4.0
Stealth        | |  0.2

Action                   |  1- 3 |  4- 6 || total
-------------------------+-------+-------++-------
Melee: Hand axe          |   123 |    34 ||   157
       Tailslap          |    16 |     3 ||    19
Invok: Berserk           |     1 |     1 ||     2
Armor: Skin              |    46 |     8 ||    54
Dodge: Dodged            |   107 |    37 ||   144

Table legend: (Time is in decaauts)
 A = Elapsed time spent in this place.
 B = Non-inter-level travel time spent in this place.
 C = Inter-level travel time spent in this place.
 D = Time resting spent in this place.
 E = Time spent auto-exploring this place.
 F = Levels seen in this place.
 G = Mean time per level.
                   A        B        C        D        E       F      G
               +--------+--------+--------+--------+--------+-----+--------+
         Total |   2551 |   2491 |     60 |    380 |   1641 |   3 |  850.3 |
       Dungeon |   2551 |   2491 |     60 |    380 |   1641 |   3 |  850.3 |
               +--------+--------+--------+--------+--------+-----+--------+

Top non-repeatable levels by time:
     D:2: 1449 daAuts
     D:1: 851 daAuts
     D:3: 250 daAuts
